 Dungeon Crawl Stone Soup version 0.29-a0-870-g2c972031a6 (webtiles) character file.

Game seed: 4609316044236608690

7305 concernfroge the Spear-Bearer (level 10, 0/85 HPs)
             Began as a Mummy Monk on July 17, 2022.
             Was an Initiate of Ashenzari.
             Slain by a spectral orc warrior
             ... wielding a +0 hand axe
             ... summoned by Nergalle
              (9 damage)
             ... on level 10 of the Dungeon.
             The game lasted 00:47:41 (9132 turns).

concernfroge the Spear-Bearer (Mummy Monk)          Turns: 9132, Time: 00:47:42

Health: 0/85       AC: 24    Str: 20    XL:     10   Next: 90%
Magic:  10/10      EV:  6    Int:  9    God:    Ashenzari [......]
Gold:   910        SH:  5    Dex: 14    Spells: 9/9 levels left

rFire   x . .      SeeInvis .   g - +2 scythe (vamp)
rCold   + . .      Faith    .   (shield currently unavailable)
rNeg    + + +      Spirit   .   d - +3 plate armour
rPois   ∞          Reflect  +   (no helmet)
rElec   .          Harm     .   n - +2 cloak
rCorr   .          Rampage  .   k - +2 pair of gloves
Will    +....                   e - +0 pair of boots
Stlth   ..........              i - amulet of reflection
HPRegen 0.24/turn               c - +4 ring of protection
MPRegen 0.12/turn               (no ring)

@: no status effects
A: cold resistance 1, negative energy resistance 3, torment resistance 2, heat
vulnerability 1, in touch with death 1, no potions
a: Renounce Religion, Curse Item


You were on level 10 of the Dungeon.
You worshipped Ashenzari.
Ashenzari was noncommittal.
You visited 2 branches of the dungeon, and saw 13 of its levels.

You collected 1550 gold pieces.
You spent 640 gold pieces at shops.

Inventory:

Hand Weapons
 g - a +2 vampiric scythe (weapon)
 q - a +0 glaive
Missiles
 h - 83 stones (quivered)
 j - a throwing net
Armour
 d - a +3 plate armour (worn)
 e - a +0 pair of boots (worn)
 k - a +2 pair of gloves (worn)
 n - a +2 cloak (worn)
Jewellery
 c - a +4 ring of protection (left hand)
 i - an amulet of reflection (around neck)
Wands
 b - a wand of roots (1)
 f - a wand of paralysis (9)
 l - a wand of polymorph (16)
 p - a wand of flame (16)
Scrolls
 a - 4 scrolls of identify
 m - a scroll of amnesia
 o - a scroll of poison
Miscellaneous
 r - a tin of tremorstones (inert)


   Skills:
 - Level 10.0 Fighting
 + Level 12.0 Polearms
 - Level 2.4 Dodging
 - Level 1.5 Stealth


You had 9 spell levels left.
You didn't know any spells.
Your spell library contained the following spells:

 Spells                   Type           Power      Damage    Failure   Level
 Apportation              Tloc           0%         N/A       100%        1
 Foxfire                  Conj/Fire      0%         2x1d4     100%        1
 Freeze                   Ice            0%         1d3       100%        1
 Necrotise                Necr           0%         1d4       100%        1
 Summon Small Mammal      Summ           0%         N/A       100%        1
 Conjure Flame            Conj/Fire      0%         6-21      100%        3
 Frozen Ramparts          Ice            0%         1d2       100%        3
 Ignite Poison            Fire/Tmut/Pois 0%         N/A       100%        3
 Inner Flame              Hex/Fire       0%         N/A       100%        3
 Flame Wave               Conj/Fire      0%         2d4       100%        4
 Hailstorm                Conj/Ice       0%         3d3       100%        4
 Summon Lightning Spire   Summ/Air       0%         N/A       100%        4
 Agony                    Necr           0%         N/A       100%        5
 Maxwell's Capacitive Co  Air            0%         ∞         100%        8
 Storm Form               Tmut/Air       Unusable   N/A       N/A         7

Dungeon Overview and Level Annotations

Branches:
Dungeon (12/15)            Temple (1/1) D:6            Lair (0/5) D:9
    Orc: D:9-12

Altars:
Ashenzari
Cheibriados
Fedhas
Gozag
Hepliaklqana
Kikubaaqudgha
Makhleb
Nemelex Xobeh
Okawaru
Qazlal
Ru
Sif Muna
Trog
Uskayaw
Vehumet
Wu Jian
Xom
Yredelemnul

Shops:
D:3 ?   D:4 ?   D:6 :(   D:9 *

Annotations:
D:4 2 runed translucent doors, MisterPants's ghost, weakling GrDe
D:8 3 runed translucent doors, buhh's ghost, novice DsGl
D:10 Nergalle
D:12 Sonja


Innate Abilities, Weirdness & Mutations

You are immune to poison.
Your flesh is cold resistant. (rC+)
You are immune to negative energy. (rN+++)
You are immune to unholy pain and torment.
You are vulnerable to heat. (rF-)
You are in touch with the powers of death.
You do not drink.


Message History

The spectral orc hits you but does no damage. x2
The spectral orc warrior hits you but does no damage.
You slash Nergalle!
You feel better.
Nergalle is almost dead.
Nergalle hits you but does no damage.
The spectral orc warrior hits you with a +0 hand axe.
The spectral orc barely misses you.
The spectral orc warlord hits you with a +1 vorpal great sword!
The spectral orc hits you but does no damage.
You hit Nergalle but do no damage.
Nergalle is almost dead.
The spectral orc warrior hits you but does no damage.
Nergalle points at the spectral orc and mumbles some strange words.
The spectral orc seems to speed up.
The spectral orc hits you but does no damage.
The spectral orc warlord completely misses you.
The spectral orc barely misses you.
You closely miss Nergalle.
Nergalle is almost dead.
The spectral orc warrior hits you with a +0 hand axe!
Nergalle points at the spectral orc warlord and mumbles some strange words.
The spectral orc warlord seems to speed up.
The spectral orc hits you but does no damage.
The spectral orc warlord closely misses you.
The spectral orc hits you with a +0 hand axe.
The spectral orc warrior hits you but does no damage.
You closely miss Nergalle.
Nergalle is almost dead.
The spectral orc hits you but does no damage.
The spectral orc warlord hits you but does no damage.
The spectral orc warrior hits you but does no damage.
Nergalle hits you with a +0 dagger of venom.
You block the spectral orc's attack.
You closely miss Nergalle.
Nergalle is almost dead.
The spectral orc hits you with a +0 war axe.
The spectral orc warlord hits you with a +1 vorpal great sword!!
* * * LOW HITPOINT WARNING * * *
x2 The spectral orc warrior hits you with a +0 hand axe!
You die...

..# ...# ##.# ...####
... ...#... ####
#.#######.......
##...###.#.............
.....!.................
#....#..#.............
##.#.)..##.###Z.......
#...###.##Z@o......
#...###.#..ZZ...$.#
#.......##.......##
##.#.##..###...#.....##
.......>.# .###.#...##
##.####### # # #.## ..
.##


You could see Nergalle, 2 spectral orcs, a spectral orc warrior (summoned, fast)
and a spectral orc warlord (summoned, fast).

Vanquished Creatures
  A cyclops (D:12)
  Joseph (D:8)
  Psyche (D:9)
  2 trolls
  A hornet (D:9)
  Sigmund (D:6)
  A wraith (D:9)
  A shadow (D:11)
  A vampire (D:10)
  6 yaks
  3 wyverns (D:9)
  A steam dragon (D:8)
  3 vampire mosquitoes (D:12)
  2 water moccasins (D:9)
  4 black bears
  2 orc warriors
  An ogre (Temple)
  2 centaurs
  4 phantoms
  6 bullfrogs
  4 scorpions
  5 wights (D:9)
  10 killer bees (D:7)
  3 howler monkeys
  A crimson imp (D:8)
  3 hounds
  4 orc priests
  2 jellies (D:6)
  2 iguanas
  3 orc wizards
  5 adders
  A white imp (D:6)
  4 dart slugs
  22 orcs
  7 ball pythons
  7 endoplasms
  6 giant cockroaches
  9 goblins
  5 hobgoblins
  5 jackals
  9 kobolds
  4 quokkas
  3 training dummies (D:6)
  4 bats
  3 rats
  A spectral hobgoblin (D:1)
  A spectral orc (D:3)
177 creatures vanquished.

Vanquished Creatures (others)
  31 fungi (D:9)
  36 plants (D:9)
67 creatures vanquished.

Grand Total: 244 creatures vanquished

Notes
Turn   | Place    | Note
-------+----------+-------------------------------------------
     0 | D:1      | concernfroge the Mummy Monk began the quest for the Orb.
     0 | D:1      | Reached XP level 1. HP: 18/18 MP: 1/1
   540 | D:1      | Reached XP level 2. HP: 12/24 MP: 2/2
   759 | D:1      | Found a faded altar of an unknown god.
  1292 | D:1      | Gained mutation: You are in touch with the powers of death.
                  | [Mummy growth]
  1292 | D:1      | Reached XP level 3. HP: 30/30 MP: 3/3
  1899 | D:2      | Got the Lectures on Grim Shapes
  2227 | D:3      | Found Kotela's Magic Scroll Emporium.
  2397 | D:3      | Identified the +2 robe of Elitism {rPois Int+5 Slay-2}
  2488 | D:3      | Reached XP level 4. HP: 29/38 MP: 4/4
  2574 | D:3      | Reached skill level 5 in Fighting
  2704 | D:3      | Found a basalt altar of Yredelemnul.
  2852 | D:3      | Found a hide-covered altar of Uskayaw.
  2958 | D:4      | Found a runed translucent door.
  2984 | D:4      | Found Cociq's Magic Scroll Emporium.
  3162 | D:4      | Noticed a phantom
  3162 | D:4      | Noticed a scorpion
  3181 | D:4      | Killed a scorpion
  3182 | D:4      | Reached XP level 5. HP: 46/46 MP: 5/5
  3182 | D:4      | Noticed a phantom
  3189 | D:5      | Entered Level 5 of the Dungeon
  3189 | D:5      | Noticed a phantom
  3208 | D:5      | Killed a phantom
  3349 | D:5      | Noticed a shadow
  3371 | D:4      | Reached XP level 6. HP: 47/53 MP: 6/6
  3757 | D:4      | Found a runed translucent door.
  3758 | D:4      | Noticed MisterPants's ghost (weakling GrDe)
  4044 | D:5      | Reached XP level 7. HP: 54/62 MP: 7/7
  4271 | D:6      | Found a staircase to the Ecumenical Temple.
  4279 | Temple   | Entered the Ecumenical Temple
  4664 | Temple   | Became a worshipper of Ashenzari the Shackled
  4728 | D:6      | Found a blossoming altar of Fedhas.
  4729 | D:6      | Found an ancient bone altar of Kikubaaqudgha.
  4774 | D:6      | Found Uxzugg's Firing Range.
  4842 | D:6      | Identified a scroll of acquirement
  4842 | D:6      | Acquired a +4 ring of protection
  4926 | D:6      | Noticed Sigmund
  4933 | D:6      | Killed Sigmund
  4946 | D:6      | Reached XP level 8. HP: 51/72 MP: 8/8
  5081 | D:6      | Reached skill level 10 in Fighting
  5081 | D:6      | Reached skill level 3 in Polearms
  5152 | D:6      | Reached skill level 4 in Polearms
  5188 | D:6      | Found Koklas's Book Emporium.
  5482 | D:7      | Reached skill level 5 in Polearms
  5802 | D:7      | Reached skill level 6 in Polearms
  5898 | D:7      | Identified the +1 scale mail of Pantheism {rPois rN+ Int+5}
  5952 | D:7      | Reached XP level 9. HP: 63/78 MP: 9/9
  6039 | D:7      | Found an opulent altar of Gozag.
  6492 | D:8      | Noticed Joseph
  6581 | D:9      | Reached skill level 7 in Polearms
  6746 | D:9      | Reached skill level 8 in Polearms
  6980 | D:8      | Found a runed translucent gate.
  6980 | D:8      | Found a runed translucent gate.
  6982 | D:8      | Found a runed translucent gate.
  6986 | D:8      | Noticed buhh's ghost (novice DsGl)
  6986 | D:8      | Noticed a spectral unseen horror
  7059 | D:9      | Reached skill level 9 in Polearms
  7308 | D:9      | Reached XP level 10. HP: 83/85 MP: 10/10
  7374 | D:8      | Killed Joseph
  7375 | D:8      | Reached skill level 10 in Polearms
  7624 | D:8      | Found a burning altar of Makhleb.
  7625 | D:8      | Found a radiant altar of Vehumet.
  7866 | D:9      | Found a staircase to the Lair.
  7868 | D:9      | Found a bloodstained altar of Trog.
  7963 | D:9      | Found a stormy altar of Qazlal.
  7987 | D:9      | Acquired 1126 gold pieces
  8041 | D:9      | Identified the +1 whip "Taochima" {freeze, Drain rC+ Int+4
                  | Dex+3}
  8058 | D:9      | Noticed Psyche
  8093 | D:9      | Killed Psyche
  8109 | D:9      | Reached skill level 11 in Polearms
  8508 | D:9      | Found Vuresat's Elemental Accessories.
  8516 | D:9      | Bought a tin of tremorstones (2/2) for 640 gold pieces
  8516 | D:9      | You fall into a shaft and drop 3 floors!
  8548 | D:12     | Noticed a cyclops
  8593 | D:12     | Killed a cyclops
  8632 | D:12     | Noticed an eight-headed hydra
  8863 | D:12     | Noticed a skeletal warrior
  8864 | D:12     | Noticed a skeletal warrior
  8866 | D:12     | Noticed a skeletal warrior
  8885 | D:12     | Noticed Sonja
  9087 | D:10     | Entered Level 10 of the Dungeon
  9109 | D:10     | Noticed Nergalle
  9116 | D:10     | Reached skill level 12 in Polearms
  9122 | D:10     | Noticed a spectral orc warlord
  9132 | D:10     | Slain by a spectral orc warrior

Illustrated notes

Levels and vault maps discovered:
D:1:      dpeg_arrival_boxes_within_box, layout_rooms,
          dreamdust_ecumenical_altar_drowned_temple
D:2:      layout_rooms
D:3:      layout_basic, yredelemnul_forgotten_temple_becter,
          nicolae_uskayaw_murder_on_the_dancefloor, serial_shops, shop
D:4:      layout_loops_ring, ebering_ghost_sewer_f, serial_shops, shop,
          minmay_fractal_squares_5
D:5:      layout_gridville
D:6:      layout_gridville, grunt_temple_overflow_growth_and_decay,
          minmay_temple_entry_butterflies, serial_shops, shop,
          nicolae_shop_firing_range, uniq_sigmund
D:7:      layout_loops_ring, grunt_gozag_breadcrumbs
D:8:      layout_rooms, grunt_temple_overflow_lords_of_destruction,
          gammafunk_ghost_necromancy, minmay_crystal_room, uniq_joseph
D:9:      layout_irregular_city, bloody_trog, nicolae_qazlal_style_of_elements,
          due_lair_maze_entry_diamond, nicolae_elemental_shop,
          minmay_misc_feat_ornament, uniq_psyche
D:10:     layout_loops_cross, overflow_temple_1_default,
          mainiacjoe_overflow_tiny_flanked, minmay_orc_entry_guard_dogs,
          uniq_lodul, uniq_nergalle
D:11:     layout_irregular_city, uniq_josephine
D:12:     layout_irregular_city, serial_shops, nicolae_shop_waterfront,
          uniq_sonja
Temple:   jpeg_temple_clearing

Skill      XL: |  1  2  3  4  5  6  7  8  9 10 |
---------------+-------------------------------+-----
Fighting       | 4 6 8 9 10 | 10.0
Polearms       | 6 9 12 | 12.0
Dodging        | |  2.4
Stealth        | |  1.5

Action                   |  1- 3 |  4- 6 |  7- 9 | 10-12 || total
-------------------------+-------+-------+-------+-------++-------
Melee: Spear             |   235 |   134 |    79 |       ||   448
       Punch             |     1 |     1 |     2 |       ||     4
       Halberd           |       |       |   245 |   199 ||   444
Evoke: Wand              |       |     3 |    12 |     1 ||    16
       Tin of tremorston |       |       |       |     2 ||     2
  Use: Scroll            |     4 |     4 |     9 |     6 ||    23
 Stab: Sleeping          |     1 |       |       |       ||     1
       Paralysed         |       |       |     2 |       ||     2
Armor: Robe              |     3 |       |       |       ||     3
       Ring mail         |    53 |       |       |       ||    53
       Plate armour      |     3 |    54 |   278 |   169 ||   504
Dodge: Dodged            |   108 |    19 |   110 |    58 ||   295
Block: Other             |     1 |    23 |    80 |    37 ||   141
       Reflection        |       |     1 |     3 |     1 ||     5

Table legend: (Time is in decaauts)
 A = Elapsed time spent in this place.
 B = Non-inter-level travel time spent in this place.
 C = Inter-level travel time spent in this place.
 D = Time resting spent in this place.
 E = Time spent auto-exploring this place.
 F = Levels seen in this place.
 G = Mean time per level.
                   A        B        C        D        E       F      G
               +--------+--------+--------+--------+--------+-----+--------+
         Total |   9181 |   8554 |    627 |   1910 |   4874 |  13 |  706.2 |
       Dungeon |   8782 |   8190 |    592 |   1639 |   4807 |  12 |  731.8 |
        Temple |    399 |    364 |     35 |    271 |     67 |   1 |  399.0 |
               +--------+--------+--------+--------+--------+-----+--------+

Top non-repeatable levels by time:
     D:1: 1493 daAuts
     D:9: 1244 daAuts
     D:7: 1042 daAuts
     D:4: 975 daAuts
     D:8: 871 daAuts
     D:3: 776 daAuts
     D:6: 741 daAuts
     D:2: 646 daAuts
  Temple: 399 daAuts
    D:12: 394 daAuts
     D:5: 380 daAuts
    D:11: 174 daAuts
    D:10: 42 daAuts
